Map: Tokamak LE

Players

ManlyManMeat

  • Race: Zerg Zerg
  • League: Diamond
  • Spawn Location: 1:00

MultiLine - Winner!

  • Race: Protoss Protoss
  • League: Master
  • Spawn Location: 7:00

VOD

Have the link to the VOD?

Description

Time

  • Played on: June 22, 2025, 10:48 a.m.
  • Length: 7:48
Show
View Real Time Build Order
Export as new Build Order

ManlyManMeat Zerg 

Build Orders: Hatch First 

Get SALT Encoding   

  12  0:00  Drone  
  13  0:08  Drone  
  14  0:16  Drone, Extractor  
  15  0:23  Overlord  
  15  0:42  Drone  
  16  0:48  Hatchery  
  15  0:51  Drone  
  15  0:54  Drone  
  17  0:58  Drone  
  18  1:09  Extractor  
  17  1:14  Spawning Pool  
  16  1:20  Drone  
  16  1:21  Drone  
  18  1:39  Drone x2  
  19  1:56  Drone  
  19  2:01  Queen  
  20  2:02  Queen  
  20  2:03  Zergling x2  
  20  2:05  Zergling x2  
  26  2:12  Metabolic Boost  
  26  2:18  Overlord  
  26  2:27  Drone x2  
  28  2:47  Hatchery  
  28  2:49  Drone x4  
  31  2:58  Drone x2  
  32  3:10  Zergling x4  
  34  3:14  Queen  
  34  3:15  Overlord  
  35  3:29  Spore Crawler  
  35  3:33  Drone  
  35  3:34  Overlord x2  
  36  3:42  Drone  
  36  3:43  Drone x4  
  41  4:01  Queen  
  43  4:03  Drone x6  
  49  4:23  Drone  
  50  4:24  Overlord x3  
  50  4:29  Extractor  
  49  4:34  Extractor  
  49  4:35  Drone x3, Extractor  
  50  4:54  Zergling x28  
  62  5:02  Spore Crawler  
  58  5:23  Lair  
  58  5:24  Baneling Nest  
  58  5:25  Evolution Chamber  
  58  5:26  Evolution Chamber  
  49  5:48  Drone x4  
  49  5:49  Drone x6  
  60  5:50  Drone x3  
  62  5:57  Hatchery  
  62  5:58  Hatchery  
  62  6:00  Spore Crawler  
  62  6:02  Drone x2, Spore Crawler  
  60  6:24  Spore Crawler  
  54  6:28  Spire  
  54  6:30  Drone x3  
  54  6:31  Drone x3, Queen  
  59  6:34  Drone  
  58  6:51  Zergling x14  
  58  6:52  Zergling x8  
  69  6:57  Spore Crawler x2  
Show
View Real Time Build Order
Export as new Build Order

MultiLine Protoss - Winner!

Build Orders: 1 Gate Expand, Oracle Opening, Carrier Rush 

Get SALT Encoding   

  12  0:00  Probe  
  13  0:13  Probe  
  14  0:19  Pylon  
  14  0:25  Probe  
  15  0:34  Probe  
  15  0:39  Gateway  
  15  0:42  Probe  
  16  0:46  Assimilator  
  17  0:52  Probe  
  18  1:04  Probe  
  19  1:16  Probe  
  20  1:24  Nexus  
  20  1:40  Cybernetics Core  
  20  1:45  Probe  
  21  1:49  Assimilator  
  21  1:52  Pylon  
  21  1:57  Probe  
  22  2:07  Adept  
  22  2:09  Probe  
  23  2:17  Probe  
  26  2:25  Probe  
  26  2:28  Stargate  
  27  2:34  Warp Gate  
  27  2:36  Probe  
  27  2:38  Probe  
  29  2:44  Adept  
  29  2:48  Probe x2  
  33  2:56  Probe  
  33  3:00  Probe  
  33  3:04  Probe  
  35  3:12  Probe, Void Ray  
  37  3:16  Probe  
  37  3:19  Adept  
  44  3:24  Probe  
  43  3:37  Probe x2  
  43  3:38  Gateway, Pylon  
  45  3:42  Assimilator  
  45  3:46  Assimilator  
  45  3:49  Probe  
  45  3:53  Pylon  
  46  3:56  Oracle, Probe  
  46  4:02  Probe  
  51  4:08  Probe  
  52  4:14  Probe  
  53  4:20  Probe  
  54  4:24  Fleet Beacon  
  54  4:26  Probe  
  54  4:27  Stargate  
  55  4:33  Probe  
  55  4:34  Pylon  
  55  4:38  Probe  
  57  4:45  Pylon, Probe  
  58  4:50  Probe  
  58  4:51  Pylon  
  59  4:54  Carrier  
  59  4:57  Probe  
  60  5:02  Probe  
  60  5:03  Carrier  
  61  5:10  Probe  
  74  5:14  Probe  
  75  5:27  Nexus  
  75  5:28  Pylon  
  75  5:39  Probe x2  
  75  5:49  Nexus  
  75  5:50  Pylon, Protoss Air Weapons Level 1  
  75  5:51  Pylon, Probe x2, Zealot  
  75  5:52  Zealot  
  81  6:03  Probe  
  82  6:08  Carrier  
  88  6:16  Shield Battery  
  88  6:21  Zealot  
  90  6:30  Probe x2  
  92  6:39  Pylon  
  92  6:42  Probe x2  
  94  6:53  Pylon  
  94  6:54  Probe x2  
  94  6:57  Twilight Council  
  94  6:59  Pylon  
  102  7:02  Forge  
  102  7:06  Probe x2  
  108  7:16  Zealot x2  
  108  7:18  Probe x2  
  108  7:19  Shield Battery  
  114  7:28  Probe  
  111  7:30  Probe x2  
Tags
 
Add a new tag
Caveats
  • Supply blocks, unpowered buildings, or Contaminate may cause inaccurate times.
  • Supply counts are checked every 10 seconds.